 Dungeon Crawl Stone Soup version 0.21.1-1-g345015fe64 (webtiles) character file.

572 Knicklaso the Ruffian (level 7, -3/55 HPs)
             Began as a Minotaur Transmuter on Apr 10, 2018.
             Slain by an ogre
             ... wielding a +0 giant club
              (27 damage)
             ... on level 4 of the Dungeon.
             The game lasted 00:09:44 (4638 turns).

Knicklaso the Ruffian (Minotaur Transmuter)         Turns: 4638, Time: 00:09:44

Health: -3/55      AC:  2    Str: 15    XL:     7   Next: 12%
Magic:  5/8        EV: 12    Int: 12    God:
Gold:   162        SH:  0    Dex: 10    Spells: 5/8 levels left

rFire    . . .     SeeInvis .     - Unarmed
rCold    . . .     Gourm    .   (no shield)
rNeg     . . .     Faith    .   b - +0 robe
rPois    .         Spirit   .   (helmet restricted)
rElec    .         Reflect  .   (no cloak)
rCorr    .         Harm     .   (no gloves)
MR       .....                  (boots currently unavailable)
Stlth    +.........             (no amulet)
HPRegen  0.18/turn              (no ring)
MPRegen  0.11/turn              (no ring)

@: appendage
A: retaliatory headbutt, horns 2, talons 3
a: End Transformation


You were on level 4 of the Dungeon.
You were hungry.
You had grown temporary talons.
You visited 1 branch of the dungeon, and saw 4 of its levels.

You collected 162 gold pieces.

Inventory:

Missiles
 a - 14 arrows
Armour
 b - a +0 robe (worn)
 e - a +1 robe of positive energy
 k - a +0 leather armour
 l - a +0 buckler
Jewellery
 f - a cursed -2 ring of protection {unknown}
 u - a cursed ring of poison resistance {unknown}
Wands
 n - a wand of polymorph (18)
 t - a wand of disintegration (19)
 v - a wand of paralysis (19)
Scrolls
 i - 4 scrolls of identify {unknown}
 o - 2 scrolls of teleportation {unknown}
 p - a scroll of remove curse {unknown}
 r - a scroll of enchant armour {unknown}
 s - a scroll of immolation {unknown}
Potions
 g - a potion of brilliance {unknown}
 h - a potion of haste {unknown}
 j - 3 potions of heal wounds {unknown}
 m - a potion of flight {unknown}
 q - a potion of magic {unknown}
 w - a potion of agility {unknown}
 x - 2 potions of curing {unknown}
Books
 c - a book of Changes

   Spells                             Type                      Level
   a - Beastly Appendage              Transmutation                1
   b - Sticks to Snakes               Transmutation                2
   c - Spider Form                    Transmutation/Poison         3
   d - Ice Form                       Ice/Transmutation            4
   e - Blade Hands                    Transmutation                5
Comestibles
 d - 12 rations


   Skills:
 - Level 2.1 Fighting
 - Level 2.7 Dodging
 + Level 3.7 Shields
 * Level 6.6 Unarmed Combat
 - Level 1.3 Spellcasting
 + Level 3.3 Transmutations


You had 5 spell levels left.
You knew the following spells:

 Your Spells              Type           Power        Failure   Level  Hunger
a - Beastly Appendage     Tmut           #.....       8%          1    ##.....
b - Sticks to Snakes      Tmut           #.......     11%         2    ###....


Dungeon Overview and Level Annotations

Branches:
Dungeon (4/15)
 Temple: D:4-7

Altars:
Nemelex Xobeh


Innate Abilities, Weirdness & Mutations

You reflexively headbutt those who attack you in melee.
You have a pair of horns on your head.
You have claws for feet.


Message History

You feel sick. x2
You are no longer poisoned.
You start resting.
Magic restored.
You start resting.
You are feeling hungry.
Casting: Sticks to Snakes
Confirm with . or Enter, or press ? or * to list all spells.
Your feet morph into talons.
You climb downwards.
The ogre hits you with a giant club! The ogre misses you.
There is a stone staircase leading up, spattered with blood here.
Casting: Beastly Appendage
Confirm with . or Enter, or press ? or * to list all spells.
You create a snake!
You now have 14 arrows.
You barely miss the ogre. Your kick misses the ogre.
The ogre hits you with a giant club!!
You hit the ogre.
The ogre is lightly wounded.
The ogre hits you with a giant club!!
You die...

..........
....<. .O. ..
.... .... ....
... ..... .....
#.##.#..#
.....###........
........[)...?..
.........##.##.#
........O@#
####....S##
#.....#
.......##
#....### .....
#.... #... ##.


You could see an ogre and a friendly ball python.

Vanquished Creatures
  Sigmund (D:2)
  2 orc priests
  An orc wizard (D:4)
  Crazy Yiuf (D:2)
  Jessica (D:3)
  Ijyb (D:3)
  Natasha (thrice) (D:2)
  A worker ant (D:3)
  4 gnolls
  3 adders
  3 worms
  3 dart slugs
  3 orcs (D:3)
  8 bats
  2 giant cockroaches
  6 goblins
  4 hobgoblins
  4 jackals
  A ball python (D:4)
  8 frilled lizards
  9 kobolds
  6 rats
75 creatures vanquished.

Vanquished Creatures (collateral kills)
  An orc wizard (D:4)
  An adder (D:2)
  A frilled lizard (D:2)
3 creatures vanquished.

Vanquished Creatures (others)
  5 toadstools (D:1)
5 creatures vanquished.

Grand Total: 83 creatures vanquished

Notes
Turn   | Place    | Note
-------+----------+-------------------------------------------
     0 | D:1      | Knicklaso the Minotaur Transmuter began the quest for the Orb.
     0 | D:1      | Reached XP level 1. HP: 16/16 MP: 1/1
   146 | D:1      | Reached XP level 2. HP: 13/23 MP: 3/3
   398 | D:1      | Learned a level 2 spell: Sticks to Snakes
   712 | D:2      | Found a faded altar of an unknown god.
   719 | D:2      | Reached XP level 3. HP: 23/29 MP: 4/4
   726 | D:2      | Reached skill level 4 in Unarmed Combat
   978 | D:2      | Found a runed door.
  1094 | D:2      | Noticed Sigmund
  1263 | D:2      | Killed Sigmund
  1263 | D:2      | Reached skill level 5 in Unarmed Combat
  1263 | D:2      | Reached XP level 4. HP: 36/36 MP: 0/5
  1263 | D:2      | Reached XP level 5. HP: 41/41 MP: 0/6
  1465 | D:2      | Noticed Natasha
  1477 | D:2      | Killed Natasha
  1733 | D:2      | Noticed Natasha
  1741 | D:2      | Killed Natasha
  2042 | D:2      | Found a sparkling altar of Nemelex Xobeh.
  2071 | D:2      | Noticed Natasha
  2081 | D:2      | Killed Natasha
  2081 | D:2      | Reached XP level 6. HP: 19/48 MP: 4/7
  2409 | D:2      | Noticed Crazy Yiuf
  2426 | D:2      | Killed Crazy Yiuf
  2877 | D:3      | Noticed Ijyb
  2891 | D:3      | Killed Ijyb
  3072 | D:3      | Reached skill level 6 in Unarmed Combat
  3078 | D:3      | Noticed Jessica
  3084 | D:3      | Killed Jessica
  4499 | D:4      | Reached XP level 7. HP: 48/55 MP: 5/8
  4638 | D:4      | Slain by an ogre

Skill      XL: |  1  2  3  4  5  6 |
---------------+-------------------+-----
Fighting       | 2 |  2.1
Unarmed Combat | 5 6 |  6.6
Transmutations | 2 3 |  3.3
Shields        | 2 3 |  3.7
Dodging        | |  2.7
Spellcasting   | |  1.3

Action                   |  1- 3 |  4- 6 |  7- 9 || total
-------------------------+-------+-------+-------++-------
Melee: Unarmed           |    75 |   106 |    11 ||   192
       Headbutt          |     5 |    16 |     1 ||    22
       Kick              |     1 |     6 |       ||     7
       Punch             |     1 |       |     1 ||     2
 Cast: Sticks to Snakes  |     3 |    11 |     2 ||    16
       Beastly Appendage |     1 |     8 |     1 ||    10
 Stab: Sleeping          |     1 |     1 |       ||     2
       Distracted        |     1 |       |       ||     1
  Eat: Chunk             |     1 |    12 |       ||    13
Armor: Robe              |    13 |     9 |     3 ||    25
Dodge: Dodged            |    43 |    65 |     5 ||   113
